 Dungeon Crawl Stone Soup version 0.29.1-2-gbd0b4ee654 (webtiles) character file.

Game seed: 7969029454882884887

62 qeuew the Poker (level 4, -3/34 HPs)
             Began as a Merfolk Gladiator on Nov 10, 2022.
             Killed by nerve-wracking pain
             ... invoked by an orc priest
              (7 damage)
             ... on level 4 of the Dungeon.
             The game lasted 00:01:26 (1624 turns).

qeuew the Poker (Merfolk Gladiator)                 Turns: 1624, Time: 00:01:27

Health: -3/34      AC:  4    Str: 16    XL:     4   Next: 8%
Magic:  4/4        EV: 15    Int:  7    God:
Gold:   119        SH:  0    Dex: 27    Spells: 3/3 levels left

rFire   . . .      SeeInvis .   a - +0 trident
rCold   . . .      Faith    .   (no shield)
rNeg    . . .      Spirit   .   b - +0 leather armour
rPois   .          Reflect  .   c - +0 helmet
rElec   .          Harm     .   (no cloak)
rCorr   .          Rampage  .   (no gloves)
Will    .....                   (no boots)
Stlth   ++........              (no amulet)
HPRegen 0.11/turn               j - +6 ring of dexterity
MPRegen 0.09/turn               n - +6 ring of dexterity

@: mighty
A: (nimble swimmer 2), mertail
a: no special abilities


You were on level 4 of the Dungeon.
You visited 1 branch of the dungeon, and saw 3 of its levels.

You collected 119 gold pieces.

Inventory:

Hand Weapons
 a - a +0 trident (weapon)
Missiles
 d - 3 throwing nets (quivered)
 e - a javelin
Armour
 b - a +0 leather armour (worn)
 c - a +0 helmet (worn)
Jewellery
 j - a +6 ring of dexterity (left hand)
 n - a +6 ring of dexterity (right hand)
Scrolls
 l - a scroll of identify
Potions
 f - 4 potions of curing {unknown}
 g - a potion of berserk rage {unknown}
 i - a potion of resistance
 k - a potion of magic


   Skills:
 + Level 2.8 Fighting
 + Level 4.6 Polearms
 + Level 2.5 Throwing
 + Level 0.9 Armour
 + Level 4.5 Dodging


You had 3 spell levels left.
You didn't know any spells.
Your spell library was empty.

Dungeon Overview and Level Annotations

Branches:
Dungeon (4/15)
 Temple: D:4-7

Altars:


Innate Abilities, Weirdness & Mutations

((You are very nimble when in or above water. (Stealth+, EV+, Speed+++)))
Your lower body shifts to a powerful aquatic tail in water.


Message History

The orc misses you.
The orc priest begins to cast a cantrip, but forgets the words!
The orc priest closely misses you.
You hit the orc priest but do no damage.
The orc priest is severely wounded.
The orc completely misses you. The orc priest barely misses you.
You hit the orc priest but do no damage.
The orc priest is severely wounded.
The orc barely misses you.
The orc priest mumbles some strange prayers to Beogh against you.
You barely resist.
You hit the orc priest but do no damage.
The orc priest is severely wounded.
The orc misses you.
The orc priest invokes the aid of Beogh against you.
Beogh smites you!
* * * LOW HITPOINT WARNING * * *
You are too injured to fight recklessly!
You are too injured to fight recklessly!
You are too injured to fight recklessly!
You are too injured to fight recklessly!
You are too injured to fight recklessly!
You are too injured to fight recklessly!
You are too injured to fight recklessly!
You are too injured to fight recklessly!
You are too injured to fight recklessly!
You are too injured to fight recklessly!
You are too injured to fight recklessly!
You are too injured to fight recklessly!
You are too injured to fight recklessly!
You are too injured to fight recklessly!
You are too injured to fight recklessly!
You are too injured to fight recklessly!
You are too injured to fight recklessly!
You feel very mighty all of a sudden. The orc hits you with a +0 whip.
* * * LOW HITPOINT WARNING * * *
The orc priest calls down the wrath of Beogh upon you.
Pain shoots through your body!
You die...

.. .# .# .# #
######.# .#
#^..>..# .#
##.....#####..#
#.$.o@.##....#
#..##o##...#


#oo ##.## #..≈ #.# ...≈≈ ..# ###).≈ .#.# ##...##.# ##.# #.# #. ..# You could see
2 orc priests and 2 orcs.

Vanquished Creatures
  3 adders (D:2)
  A worm (D:2)
  2 dart slugs
  4 bats (D:1)
  4 endoplasms
  3 hobgoblins
  4 jackals (D:1)
  A quokka (D:1)
  3 ball pythons
  A goblin (D:2)
  A kobold (D:1)
  A rat (D:1)
28 creatures vanquished.

Notes
Turn   | Place    | Note
-------+----------+-------------------------------------------
     0 | D:1      | qeuew the Merfolk Gladiator began the quest for the Orb.
     0 | D:1      | Reached XP level 1. HP: 16/16 MP: 1/1
   433 | D:1      | Reached XP level 2. HP: 23/23 MP: 2/2
  1132 | D:2      | Reached XP level 3. HP: 28/28 MP: 3/3
  1538 | D:2      | Reached XP level 4. HP: 31/34 MP: 4/4
  1608 | D:2      | You fall into a shaft and drop 2 floors!
  1624 | D:4      | Killed from afar by an orc priest

Illustrated notes

Levels and vault maps discovered:
D:1:      lightli_arrival_boilingwater, layout_basic
D:2:      layout_loops_ring
D:4:      layout_rooms, grunt_temple_overflow_forces_of_nature,
          kiku_gazebo_garden_becter, temple_statues, amcnicky_mini_pool_small,
          item_on_display_a

Action                   |  1- 3 |  4- 6 || total
-------------------------+-------+-------++-------
Melee: Trident           |    93 |     9 ||   102
       Punch             |     1 |       ||     1
  Use: Scroll            |     4 |       ||     4
       Potion            |     2 |     1 ||     3
 Stab: Sleeping          |     8 |       ||     8
Armor: Leather armour    |    29 |     1 ||    30
Dodge: Dodged            |    61 |     7 ||    68
